AoeStats
← Dark

Arabia

509579646Analyzed
1v1 RM · 4d ago on Sep 27, 2026· 21m 53s· 2 players
Game mode
Random Map
Map size
Tiny (2 player)
Population
200
Speed
Normal
Resources
Standard
Victory
Conquest
Starting age
Dark Age
Ending age
Imperial Age
RankedLock teamsTeams togetherTeam positionsShared explorationLock speedFull tech treeHidden civsTurbo modeCheats
Victory
Defeat
🇪🇸 Spanish · Spain
936
+15
🇧🇬 Bulgarians · Bulgaria
907
-15
Dark
4:18 Loom
10:43 Feudal Age
11:15 Town Watch
13:21 Double-Bit Axe
20:02 Castle Age
20:59 Husbandry
Joaquín Espartero
1:10 Loom
13:14 Feudal Age
16:14 Horse Collar
18:54 Castle Age
17:38 Fletching
20:24 Scale Barding Armor
20:27 Double-Bit Axe
21:19 Wheelbarrow
Connection lost

Rejoining the realm…

Still unreachable

The connection could not be restored.

Session expired

The server has moved on; the page needs a fresh start.